 Dungeon Crawl Stone Soup version 0.21.1-1-g345015f (webtiles) character file.

95 tidbits the Insei (level 4, -2/34 HPs)
             Began as a Gnoll Transmuter on Feb 7, 2018.
             Slain by an ice beast (13 damage)
             ... on level 3 of the Dungeon.
             The game lasted 00:02:58 (301 turns).

tidbits the Insei (Gnoll Transmuter)                 Turns: 301, Time: 00:02:58

Health: -2/34      AC:  2    Str: 12    XL:     4   Next: 66%
Magic:  5/11       EV: 23    Int: 17    God:
Gold:   42         SH:  0    Dex: 20    Spells: 7/13 levels left

rFire    . . .     SeeInvis .     - Unarmed
rCold    . . .     Gourm    .   (shield currently unavailable)
rNeg     . . .     Faith    .   (armour currently unavailable)
rPois    x         Spirit   .   (helmet currently unavailable)
rElec    .         Reflect  .   (cloak currently unavailable)
rCorr    .         Harm     .   (gloves currently unavailable)
MR       .....                  (boots currently unavailable)
Stlth    ++........             (no amulet)
HPRegen  0.11/turn              (no ring)
MPRegen  0.12/turn              (no ring)

@: spider-form (expiring), very slightly contaminated, invisible
A: tiny, distributed training, strong nose
a: End Transformation


You were on level 3 of the Dungeon.
You were not hungry.
You were a venomous arachnid creature.
You visited 1 branch of the dungeon, and saw 3 of its levels.

You collected 42 gold pieces.

Inventory:

Hand Weapons
 e - a +0 hand axe
 f - a +0 dagger
 k - a +0 morningstar
Missiles
 a - 56 arrows
Armour
 b - a +0 robe (melded)
 G - a +0 pair of gloves (melded)
Scrolls
 g - 2 scrolls of fog {unknown}
 i - a scroll of enchant armour {unknown}
Potions
 j - a potion of heal wounds {unknown}
Books
 c - a book of Changes

   Spells                             Type                      Level
   a - Beastly Appendage              Transmutation                1
   b - Sticks to Snakes               Transmutation                2
   c - Spider Form                    Transmutation/Poison         3
   d - Ice Form                       Ice/Transmutation            4
   e - Blade Hands                    Transmutation                5
Comestibles
 d - 2 rations


   Skills:
 + Level 2.8 Fighting
 + Level 1.2 Short Blades
 + Level 1.2 Long Blades
 + Level 1.2 Axes
 + Level 1.2 Maces & Flails
 + Level 1.2 Polearms
 + Level 1.2 Staves
 + Level 1.2 Slings
 + Level 1.2 Bows
 + Level 1.2 Crossbows
 + Level 1.2 Throwing
 + Level 1.2 Armour
 + Level 4.6 Dodging
 + Level 1.2 Stealth
 + Level 1.2 Shields
 + Level 6.6 Unarmed Combat
 + Level 5.1 Spellcasting
 + Level 1.0 Conjurations
 + Level 1.0 Hexes
 + Level 1.0 Charms
 + Level 1.0 Summonings
 + Level 1.0 Necromancy
 + Level 1.0 Translocations
 + Level 3.8 Transmutations
 + Level 1.0 Fire Magic
 + Level 1.0 Ice Magic
 + Level 1.0 Air Magic
 + Level 1.0 Earth Magic
 + Level 1.0 Poison Magic
 + Level 1.3 Invocations
 + Level 1.2 Evocations


You had 7 spell levels left.
You knew the following spells:

 Your Spells              Type           Power        Failure   Level  Hunger
e - Beastly Appendage     Tmut           ###...       10%         1    None
k - Sticks to Snakes      Tmut           ###.....     13%         2    #......
p - Spider Form           Tmut/Pois      ##........   34%         3    ###....


Dungeon Overview and Level Annotations

Branches:
Dungeon (3/15)

Altars:


Innate Abilities, Weirdness & Mutations

Your experience applies equally to all skills.
((You have very sharp teeth.))
Your uncanny sense of smell can sniff out nearby items.


Message History

Your Throwing skill increases to level 1!
Your Armour skill increases to level 1!
Your Stealth skill increases to level 1!
Your Shields skill increases to level 1!
Your Invocations skill increases to level 1!
Your Evocations skill increases to level 1!
Things that are here:
a morningstar; a leather armour
k - a morningstar
There is a stone staircase leading down here.
You climb downwards.
The orc closely misses you.
There is a stone staircase leading up here.
Unknown command.
Casting: Spider Form
Confirm with . or Enter, or press ? or * to list all spells.
You create a snake!
You now have 56 arrows.
The orc hits you.
The orc priest mumbles some strange prayers to Beogh against you.
Pain shoots through your body!
* * * LOW HITPOINT WARNING * * *
You bite the orc priest!
The orc priest is heavily wounded.
The orc hits you.
* * * LOW HITPOINT WARNING * * *
Your ball python bites the orc priest.
Your ball python grabs the orc priest.
Your ball python constricts the orc priest.
You hit the orc priest.
The orc priest is severely wounded.
The orc priest misses you. The orc completely misses you.
Your ball python bites the orc priest.
Your ball python constricts the orc priest.
You bite the orc priest!
You kill the orc priest!
You have reached level 4!
You feel clever. The orc misses you.
You closely miss the orc. The orc completely misses you.
Your ball python bites the orc.
Your ball python grabs the orc.
Your ball python constricts the orc.
You hit the orc.
The orc is heavily wounded.
The orc misses you.
Your ball python bites the orc.
Your ball python constricts the orc.
You bite the orc!
You kill the orc!
Your transformation is almost over.
Things that are here:
a flail; an orc corpse
Things that are here:
a leather armour; a short sword; an orc corpse
There is a stone staircase leading up here.
An orc comes into view. It is wielding a flail.
The orc shouts!
The orc throws a tomahawk.
The tomahawk misses you.
You see here a tomahawk.
Found a stone staircase leading down.
An ice beast comes into view.
Your transformation has ended.
Your +0 pair of gloves unmelds from your body.
Your +0 robe unmelds from your body.
The orc misses you.
An adder comes into view.
Casting: Sticks to Snakes
Confirm with . or Enter, or press ? or * to list all spells.
You turn into a venomous arachnid creature.
Your +0 pair of gloves melds into your body.
Your +0 robe melds into your body.
The orc closely misses you.
An orc comes into view. It is wielding a flail.
It was a potion of invisibility.
You fade into invisibility!
The orc completely misses you. The adder barely misses you.
You are very lightly contaminated with residual magic.
You hit the adder but do no damage.
The adder is poisoned.
The adder completely misses you.
You bite the adder!
The adder looks as sick as possible!
The adder is severely wounded.
You kill the adder!
The orc completely misses you.
Your ball python barely misses the orc.
Your ball python closely misses the orc.
You bite the orc!
You kill the orc!
Your Conjurations skill increases to level 1!
Your Hexes skill increases to level 1!
Your Charms skill increases to level 1!
Your Summonings skill increases to level 1!
Your Necromancy skill increases to level 1!
Your Translocations skill increases to level 1!
Your Fire Magic skill increases to level 1!
Your Ice Magic skill increases to level 1!
Your Air Magic skill increases to level 1!
Your Earth Magic skill increases to level 1!
Your Poison Magic skill increases to level 1!
You bite the orc!
You kill the orc!
Your transformation is almost over.
Your ball python bites the ice beast.
An orc comes into view. It is wielding a whip.
You bite the ice beast!
The ice beast is moderately wounded.
The ice beast hits you.
* * * LOW HITPOINT WARNING * * *
The ice beast freezes you!
You die...

#.#[).#####
#.#<........
#.#.########
.>#.# ∆#
#.#.# ∆
#.#.#.#
..###.#.#(#
......YS..#
####.#s#.# ∆
#)#...
#.##### ...
o#. #. .# ##
.# ..


You could see an ice beast, an orc (wandering) and a friendly ball python.

Vanquished Creatures
  2 orc priests
  An adder (D:3)
  A dart slug (D:1)
  4 orcs (D:3)
  3 giant cockroaches (D:2)
  4 goblins
  3 hobgoblins
  A quokka (D:2)
  3 bats (D:2)
  3 frilled lizards
  2 kobolds (D:2)
  A rat (D:2)
28 creatures vanquished.

Notes
Turn   | Place    | Note
-------+----------+-------------------------------------------
     0 | D:1      | tidbits the Gnoll Transmuter began the quest for the Orb.
     0 | D:1      | Reached XP level 1. HP: 17/17 MP: 6/6
    36 | D:2      | Reached XP level 2. HP: 13/23 MP: 5/7
   148 | D:2      | Learned a level 2 spell: Sticks to Snakes
   239 | D:2      | Reached XP level 3. HP: 22/28 MP: 7/9
   244 | D:2      | Learned a level 3 spell: Spider Form
   267 | D:3      | Reached skill level 5 in Spellcasting
   272 | D:2      | Reached skill level 1 in Short Blades
   272 | D:2      | Reached skill level 1 in Long Blades
   272 | D:2      | Reached skill level 1 in Axes
   272 | D:2      | Reached skill level 1 in Maces & Flails
   272 | D:2      | Reached skill level 1 in Polearms
   272 | D:2      | Reached skill level 1 in Staves
   272 | D:2      | Reached skill level 1 in Slings
   272 | D:2      | Reached skill level 1 in Bows
   272 | D:2      | Reached skill level 1 in Crossbows
   272 | D:2      | Reached skill level 1 in Throwing
   272 | D:2      | Reached skill level 1 in Armour
   272 | D:2      | Reached skill level 1 in Stealth
   272 | D:2      | Reached skill level 1 in Shields
   272 | D:2      | Reached skill level 1 in Invocations
   272 | D:2      | Reached skill level 1 in Evocations
   281 | D:3      | Reached XP level 4. HP: 13/34 MP: 6/11
   294 | D:3      | Noticed an ice beast
   299 | D:3      | Reached skill level 1 in Conjurations
   299 | D:3      | Reached skill level 1 in Hexes
   299 | D:3      | Reached skill level 1 in Charms
   299 | D:3      | Reached skill level 1 in Summonings
   299 | D:3      | Reached skill level 1 in Necromancy
   299 | D:3      | Reached skill level 1 in Translocations
   299 | D:3      | Reached skill level 1 in Fire Magic
   299 | D:3      | Reached skill level 1 in Ice Magic
   299 | D:3      | Reached skill level 1 in Air Magic
   299 | D:3      | Reached skill level 1 in Earth Magic
   299 | D:3      | Reached skill level 1 in Poison Magic
   301 | D:3      | Slain by an ice beast

Skill      XL: |  1  2  3  4 |
---------------+-------------+-----
Spellcasting   | 5 |  5.1
Short Blades   | 1 |  1.2
Long Blades    | 1 |  1.2
Axes           | 1 |  1.2
Maces & Flails | 1 |  1.2
Polearms       | 1 |  1.2
Staves         | 1 |  1.2
Slings         | 1 |  1.2
Bows           | 1 |  1.2
Crossbows      | 1 |  1.2
Throwing       | 1 |  1.2
Armour         | 1 |  1.2
Stealth        | 1 |  1.2
Shields        | 1 |  1.2
Invocations    | 1 |  1.3
Evocations     | 1 |  1.2
Conjurations   | 1 |  1.0
Hexes          | 1 |  1.0
Charms         | 1 |  1.0
Summonings     | 1 |  1.0
Necromancy     | 1 |  1.0
Translocations | 1 |  1.0
Fire Magic     | 1 |  1.0
Ice Magic      | 1 |  1.0
Air Magic      | 1 |  1.0
Earth Magic    | 1 |  1.0
Poison Magic   | 1 |  1.0
Fighting       | |  2.8
Dodging        | |  4.6
Unarmed Combat | |  6.6
Transmutations | |  3.8

Action                   |  1- 3 |  4- 6 || total
-------------------------+-------+-------++-------
Melee: Unarmed           |    50 |     8 ||    58
       Headbutt          |     3 |       ||     3
       Bite              |     2 |       ||     2
       Kick              |     3 |       ||     3
 Cast: Beastly Appendage |     8 |       ||     8
       Spider Form       |     1 |     1 ||     2
       Sticks to Snakes  |     1 |       ||     1
  Use: Potion            |       |     1 ||     1
 Stab: Sleeping          |     1 |       ||     1
Armor: Robe              |    10 |       ||    10
Dodge: Dodged            |    34 |    10 ||    44

Table legend:
 A = Turns spent in this place as a percentage of turns spent in the entire game.
 B = Non-inter-level travel turns spent in this place as a percentage of non-inter-level travel turns spent in the entire game.
 C = Inter-level travel turns spent in this place as a percentage of turns spent in this place.
 D = Turns resting spent in this place as a percentage of non-inter-level travel turns spent in this place.
 E = Turns spent auto-exploring this place as a percentage of non-inter-level travel turns spent in this place.
 F = Non-inter-level travel turns spent in this place divided by the number of levels of this place that you've seen.
                   A       B       C       D       E      F
               +-------+-------+-------+-------+-------+----------------------
         Total | 100.0 | 100.0 |   0.0 |   0.0 |   0.0 | 100.3
       Dungeon | 100.0 | 100.0 |   0.0 |   0.0 |   0.0 | 100.3
               +-------+-------+-------+-------+-------+----------------------

Table legend:
 A = Kills in this place as a percentage of kills in entire the game.
 B = Kills by you in this place as a percentage of kills by you in the entire game.
 C = Kills by friends in this place as a percentage of kills by friends in the entire game.
 D = Other kills in this place as a percentage of other kills in the entire game.
 E = Experience gained in this place as a percentage of experience gained in the entire game.
 F = Experience gained in this place divided by the number of levels of this place that you have seen.
                   A       B       C       D       E      F
               +-------+-------+-------+-------+-------+----------------------
         Total | 100.0 | 100.0 |   N/A |   N/A | 100.0 |  45.7
       Dungeon | 100.0 | 100.0 |   N/A |   N/A | 100.0 |  45.7
               +-------+-------+-------+-------+-------+----------------------

Vault maps used:
D:1:      mrwooster_arrival_statue
D:2:      grunt_decor_clamped
D:3:      gammafunk_steamed_eel, lemuel_round_altar, nicolae_ru_awakened_eye
